 Dungeon Crawl Stone Soup version 0.23-a0-175-g97aacdb (webtiles) character file.

20 Ijustatesigmund the Chopper (level 2, -11/19 HPs)
             Began as an Octopode Gladiator on Sept 17, 2018.
             Killed by a distortion unwield (30 damage)
             ... on level 1 of the Dungeon.
             The game lasted 00:02:07 (465 turns).

Ijustatesigmund the Chopper (Octopode Gladiator)     Turns: 465, Time: 00:02:08

Health: -11/19     AC:  1    Str: 13    XL:     2   Next: 79%
Magic:  2/2        EV:  9    Int: 10    God:
Gold:   7          SH: 11    Dex: 13    Spells: 1/1 levels left

rFire    + . .     SeeInvis .   (no weapon)
rCold    . . .     Gourm    .   f - +0 large shield
rNeg     . . .     Faith    .   b - +0 hat
rPois    .         Spirit   .   (no amulet)
rElec    .         Reflect  .   (no ring)
rCorr    .         Harm     .   g - ring of protection from fire
MR       .....                  (no ring)
Stlth    ++........             (no ring)
HPRegen  0.06/turn              (no ring)
MPRegen  0.08/turn              (no ring)
                                (no ring)
                                (no ring)

@: no status effects
A: almost no armour, stealthy swim, amphibious, 8 rings, constrict 8, camouflage
1, gelatinous body 1
a: no special abilities


You were on level 1 of the Dungeon.
You were not hungry.

You visited 1 branch of the dungeon, and saw 1 of its levels.

You collected 7 gold pieces.

Inventory:

Hand Weapons
 a - a +0 war axe
 h - a +1 hand axe of distortion
Missiles
 c - 3 throwing nets (quivered)
Armour
 b - a +0 hat (worn)
 f - a +0 large shield (worn)
Jewellery
 g - a ring of protection from fire (right tentacle)
Scrolls
 i - a scroll of remove curse
Potions
 e - a potion of brilliance {unknown}
Comestibles
 d - a ration


   Skills:
 - Level 2.1 Fighting
 - Level 3.1 Axes
 - Level 2.0 Throwing
 - Level 3.0 Dodging
 + Level 2.0 Shields


You had one spell level left.
You didn't know any spells.
Your spell library was empty.

Dungeon Overview and Level Annotations

Branches:
Dungeon (1/15)

Altars:


Innate Abilities, Weirdness & Mutations

You cannot wear most types of armour.
You are very stealthy in the water. (Stealth+)
You are amphibious.
You can wear up to eight rings at the same time.
You can use your tentacles to constrict eight enemies at once.
Your skin changes colour to match your surroundings (Stealth+).
Your rubbery body absorbs attacks. (AC +1, EV +1)


Message History

No target in view!
No target in view!
No target in view!
No target in view!
No target in view!
No target in view!
No target in view!
You see here a kobold corpse.
Found a scroll of remove curse.
You see here a glowing hand axe.
h - a glowing hand axe
i - a scroll of remove curse Wield which item (- for none, * to show all)? (? for menu, Esc to quit)
Space warps around you for a moment!
h - a +1 hand axe of distortion (weapon)
Wield which item (- for none, * to show all)? (? for menu, Esc to quit)
Really unwield
h - a +1 hand axe of distortion?
You are crushed and pinned by an extremely strong localised spatial distortion!
Ouch! That really hurt!
You die...

#(.......#*,,,*#..#.†)....#.*
###.####.#*,,,*#..#.......#,*
....# *.#*****#..#.......#,*
##### *.# #..#..######,*
*,******.# #.....# *,*
#,,,,,,,.# ##.#...# *,*
..,*****## #......# *,* ##.*
#......# *,* *,# #.@....# *,*
*,* #...#..# *,* *,* #......#
*,* *.** #......# *,***
*..##* ###**#......# *,*,***
**...* #..,,.......# *,*,,,,
*,#.####.#*#####...# *,*,***
#,#.)..#.# *.#.# *,*,*
#.#..#.#.## *,*,******,*,*


There were no monsters in sight!

Vanquished Creatures
  A leopard gecko (D:1)
  4 bats (D:1)
  A giant cockroach (D:1)
  6 goblins (D:1)
  3 kobolds (D:1)
  A rat (D:1)
16 creatures vanquished.

Notes
Turn   | Place    | Note
-------+----------+-------------------------------------------
     0 | D:1      | Ijustatesigmund the Octopode Gladiator began the quest for
                  | the Orb.
     0 | D:1      | Reached XP level 1. HP: 14/14 MP: 1/1
   124 | D:1      | Reached skill level 1 in Shields
   124 | D:1      | Reached XP level 2. HP: 12/19 MP: 2/2
   465 | D:1      | Killed by a distortion unwield

Vault maps used:
D:1:      dpeg_arrival_rooms_b, hex_intersection, minmay_misc_feat_columns

Skill      XL: |  1  2 |
---------------+-------+-----
Shields        | 1 2 |  2.0
Fighting       | |  2.1
Axes           | |  3.1
Throwing       | |  2.0
Dodging        | |  3.0

Action                   || total
-------------------------++-------
Melee: War axe           ||    37
       Constrict         ||     6
       Tentacles         ||     4
  Use: Scroll            ||     2
 Stab: Sleeping          ||     3
Armor: Skin              ||     6
Dodge: Dodged            ||    21
Block: Large shield      ||    30

Table legend:
 A = Non-vault XP
 B = Vault XP
 C = Vault XP percentage of total XP
 D = Non-vault monster count
 E = Vault monster count
 F = Vault count percentage of total count
                 A         B        C        D         E       F
            +---------+---------+-------+---------+---------+-------
      Total |      29 |       0 |   0.0 |      16 |       0 |   0.0
            +---------+---------+-------+---------+---------+-------
        D:1 |      29 |       0 |   0.0 |      16 |       0 |   0.0
            +---------+---------+-------+---------+---------+-------
